 Dungeon Crawl Stone Soup version 0.30-b1-2-g02819fbbbe (webtiles) character file.

Game seed: 14659951962306015291

23 Flugkiller the Trooper (level 2, -3/27 HPs)
             Began as a Minotaur Fighter on May 8, 2023.
             Slain by Sigmund
             ... wielding a +0 scythe
              (9 damage)
             ... on level 2 of the Dungeon.
             The game lasted 00:00:21 (638 turns).

Flugkiller the Trooper (Minotaur Fighter)            Turns: 638, Time: 00:00:21

Health: -3/27      AC:  7    Str: 20    XL:     2   Next: 72%
Magic:  1/1        EV:  9    Int:  5    God:
Gold:   47         SH:  0    Dex:  9    Spells: 1/1 levels left

rFire   . . .        a - +0 war axe
rCold   . . .        c - +0 buckler
rNeg    . . .        b - +0 scale mail
rPois   .            (helmet restricted)
rElec   .            (no cloak)
rCorr   .            (no gloves)
SInv    .            (no boots)
Will    .....        (no amulet) Stlth
                     (no ring)
HPRegen 0.24/turn    (no ring)
MPRegen 0.07/turn

%: no passive effects
@: confused, mighty
A: horns 2, retaliatory headbutt
a: no special abilities


You were on level 2 of the Dungeon.
You visited 1 branch of the dungeon, and saw 2 of its levels.

You collected 47 gold pieces.

Inventory:

Hand Weapons
 a - a +0 war axe (weapon)
Armour
 b - a +0 scale mail (worn)
 c - a +0 buckler (worn)
Scrolls
 h - a scroll of enchant armour {unknown}
 i - a scroll of silence {unknown}
 j - a scroll of vulnerability {unknown}
 k - a scroll of blinking {unknown}
 l - a scroll of teleportation {unknown}
Potions
 e - 2 potions of curing {unknown}
 f - a potion of lignification {unknown}
 g - a potion of haste {unknown}


   Skills:
 * Level 4.1 Fighting
 * Level 3.0 Axes
 * Level 4.0 Armour
 + Level 3.7 Shields


You had one spell level left.
You didn't know any spells.
Your spell library was empty.

Dungeon Overview and Level Annotations

Branches:
Dungeon (2/15)

Altars:

Annotations:
D:2 Sigmund


Innate Abilities, Weirdness & Mutations

You have a pair of horns on your head.
You reflexively headbutt those who attack you in melee.


Message History

You closely miss the kobold. The kobold barely misses you.
You hit the kobold.
You kill the kobold!
No target in view!
j - a scroll labelled NUNIXA LIESAH You see here a bat corpse.
k - a scroll labelled XIASEWN YRHE No target in view!
You open the door.
There is an open door here.
There is an open door here.
Found 6 boomerangs.
You see here 6 boomerangs.
You open the door.
There is an open door here.
You now have 47 gold pieces (gained 9).
You open the door.
Found a ring mail.
No target in view!
No target in view!
No target in view!
No target in view!
No target in view!
There is an open door here.
You see here a +0 ring mail.
Found a robe.
You see here a +0 robe.
You see here a ball python skeleton.
There is an open door here.
There is an escape hatch in the floor here.
There is an open door here.
Done exploring.
Done exploring.
Done exploring.
No target in view!
No target in view!
No target in view!
No target in view!
No target in view!
(D) Dungeon
Where to? (? - help)
There is an open door here.
There is a stone staircase leading down here.
You climb downwards.
There is a stone staircase leading up here.
Unknown command.
l - a scroll labelled EXOPRO ETIECI A hobgoblin comes into view.
A hobgoblin is nearby!
The hobgoblin shouts!
You hear a shout!
A hobgoblin comes into view.
The hobgoblin shouts!
You closely miss the hobgoblin. You headbutt the hobgoblin.
You kill the hobgoblin!
Your Axes skill increases to level 3!
The hobgoblin drinks a potion.
The hobgoblin seems to grow stronger.
Sigmund the Dreaded comes into view.
He is wielding a +0 scythe and carrying a wand of digging (5).
Sigmund shouts!
The hobgoblin barely misses you. You furiously retaliate!
You headbutt the hobgoblin.
You kill the hobgoblin!
Sigmund gestures wildly while chanting.
Sigmund flickers and vanishes!
Deactivating autopickup; reactivate with Ctrl-A.
No target in view!
No target in view!
No target in view!
No target in view!
No target in view!
No target in view!
No target in view!
Unknown command.
Something hits you.
No target in view!
You barely miss something. Your headbutt misses something. Something hits you.
No target in view!
You closely miss something. Your headbutt misses something. Something hits you.
No target in view!
You slash something! Something hits you but does no damage.
No target in view!
Okay, then.
You feel very mighty all of a sudden.
You slash something! Something hits you but does no damage.
No target in view!
You miss something. Your headbutt misses something. Something hits you.
You hit something. Something hits you.
You barely miss something. Your headbutt misses something. Something hits you.
You miss something. Your headbutt misses something.
Something hits you but does no damage.
You miss something.
You hear some strange, mumbled words.
You are confused.
Something hits you. Something hits you.
* * * LOW HITPOINT WARNING * * *
You bump into the rock wall.
A magic dart appears from out of thin air!
The magic dart hits you but does no damage.
You bump into the rock wall.
Something hits you!
You die...

#.#..# #.#..#
###.#..# #......
#.....# #.....#
#...{.# #.....#
#....@# #.....#
###+#.# #.#.#
######.#.#
.........######
.###########.......#
..........##..####.[$
.#.....<#.##..#


There were no monsters in sight!

Vanquished Creatures
  A dart slug (D:1)
  A bat (D:1)
  3 endoplasms (D:1)
  A goblin (D:1)
  3 hobgoblins
  2 kobolds (D:1)
  3 quokkas (D:1)
  A ball python (D:1)
  2 frilled lizards (D:1)
  A rat (D:1)
18 creatures vanquished.

Notes
Turn   | Place    | Note
-------+----------+-------------------------------------------
     0 | D:1      | Flugkiller the Minotaur Fighter began the quest for the
                  | Orb.
     0 | D:1      | Reached XP level 1. HP: 19/19 MP: 0/0
   144 | D:1      | Reached XP level 2. HP: 23/27 MP: 1/1
   619 | D:2      | Noticed Sigmund
   638 | D:2      | Slain by Sigmund

Illustrated notes

Levels and vault maps discovered:
D:1:      enne_arrival_octagon_isle, layout_basic, minmay_distorted
D:2:      layout_basic, basic_altar, uniq_sigmund

Skill      XL: |  1  2 |
---------------+-------+-----
Fighting       | 4 |  4.1
Armour         | 4 |  4.0
Axes           | 3 |  3.0
Shields        | |  3.7

Action                     || total
---------------------------++-------
  Melee: War axe           ||    42
         Headbutt          ||     5
    Use: Potion            ||     1
 Armour: Scale mail        ||    18
  Dodge: Dodged            ||    14
  Block: Buckler           ||     5
